 Dungeon Crawl Stone Soup version 0.25.0-3-gd7cc5688da (webtiles) character file.

Game seed: 17165892362953759920

2070 HoaS the Grappler (level 9, -3/59 HPs)
             Began as a Gargoyle Gladiator on June 14, 2020.
             Was a Follower of Makhleb.
             Slain by an orc warrior
             ... wielding a +0 mace
              (8 damage)
             ... on level 7 of the Dungeon on June 15, 2020.
             The game lasted 00:15:12 (6259 turns).

HoaS the Grappler (Gargoyle Gladiator)              Turns: 6259, Time: 00:15:13

Health: -3/59      AC: 16    Str: 20    XL:     9   Next: 26%
Magic:  9/9        EV:  8    Int: 10    God:    Makhleb [*.....]
Gold:   457        SH:  0    Dex: 11    Spells: 8/8 levels left

rFire    . . .     SeeInvis .     - Unarmed
rCold    + . .     Gourm    .   (no shield)
rNeg     + . .     Faith    .   C - +0 chain mail
rPois    ∞         Spirit   .   b - +0 helmet
rElec    +         Reflect  .   g - +0 cloak
rCorr    .         Harm     .   (no gloves)
MR       .....                  (no boots)
Stlth    ..........             j - amulet of regeneration
HPRegen  0.59/turn              t - ring of stealth
MPRegen  0.11/turn              n - ring of protection from cold

@: no status effects
A: negative energy resistance 1, electricity resistance, unbreathing,
petrification resistance, rot immunity, AC +6
a: Renounce Religion


You were on level 7 of the Dungeon.
You worshipped Makhleb.
Makhleb was aware of your devotion.
You were not hungry.

You visited 1 branch of the dungeon, and saw 7 of its levels.
You also visited: Sewer.

You collected 457 gold pieces.

Inventory:

Missiles
 a - 9 boomerangs
 c - 4 throwing nets (quivered)
 f - 80 poisoned darts
Armour
 b - a +0 helmet (worn)
 g - a +0 cloak (worn)
 C - a +0 chain mail (worn)
Jewellery
 j - an amulet of regeneration (around neck)
 n - a ring of protection from cold (right hand)
 t - a ring of stealth (left hand)
Wands
 u - a wand of acid (12)
 y - a wand of flame (1)
 z - a wand of enslavement (6)
Scrolls
 e - a scroll of summoning {unknown}
 h - 2 scrolls of remove curse
 i - 5 scrolls of teleportation
 v - 2 scrolls of fear
 A - 4 scrolls of identify
 B - a scroll of fog
Potions
 k - a potion of heal wounds {unknown}
 l - a potion of curing {unknown}
 m - 3 potions of lignification
 o - a potion of flight {unknown}
 p - 2 potions of cancellation
 q - 2 potions of brilliance {unknown}
 s - a potion of haste {unknown}
 w - a potion of degeneration {unknown}
 x - 2 potions of might {unknown}
Comestibles
 d - 12 rations
 r - a chunk of flesh


   Skills:
 + Level 7.8 Fighting
 - Level 1.7 Throwing
 - Level 2.4 Dodging
 * Level 10.2 Unarmed Combat


You had 8 spell levels left.
You didn't know any spells.
Your spell library was empty.

Dungeon Overview and Level Annotations

Branches:
Dungeon (7/15)             Temple (0/1) D:7           Sewer (visited)

Altars:
Gozag
Kikubaaqudgha
Makhleb
Ru
Sif Muna
Vehumet

Shops:
D:4 *

Annotations:
D:4 1 runed translucent door, skk's ghost, novice FoFi


Innate Abilities, Weirdness & Mutations

You are resistant to torment.
Your stone body is resilient. (AC +6)
You are immune to poison.
You resist negative energy. (rN+)
You are resistant to electric shocks. (rElec)
You can survive without breathing.
You are immune to petrification.
You are immune to rotting.


Message History

* * * LOW HITPOINT WARNING * * *
You closely miss the orc warrior.
The orc warrior is moderately wounded.
The orc hits you but does no damage.
You barely miss the orc warrior.
The orc warrior is moderately wounded.
The orc warrior hits you but does no damage.
You hit the orc warrior.
The orc warrior is moderately wounded.
The orc hits you but does no damage.
The orc warrior hits you but does no damage.
The orc priest calls upon Beogh to heal the orc warrior.
The orc warrior is healed somewhat.
You closely miss the orc warrior.
The orc warrior is moderately wounded.
The orc hits you but does no damage.
You hit the orc warrior.
The orc warrior is moderately wounded.
The orc warrior hits you with a +0 mace!
You die...

.......###.....#
.##... #####.# .
.... #.# .. #..#
#####.# #.##..#
#.....#
....########.#
#.........#.#
..#.###o.......#.#
....ooo@.........#
#.#.######.#######
........#
#########


You could see an orc warrior, an orc priest and 2 orcs.

Vanquished Creatures
  A hungry ghost (D:7)
  A necrophage (D:5)
  3 centaurs
  5 big kobolds
  A bullfrog (D:7)
  A scorpion (D:4)
  6 killer bees (D:7)
  3 crimson imps
  A jelly (D:5)
  A bullfrog skeleton (D:7)
  2 orc priests
  4 hounds (D:5)
  A centaur skeleton (D:4)
  4 orc wizards
  An iguana (D:4)
  Natasha (thrice) (D:2)
  2 worker ants (D:4)
  A hound zombie (D:5)
  11 adders
  3 river rats (D:6)
  4 oozes
  3 worms
  A dart slug (D:1)
  2 leopard geckos
  13 orcs
  5 giant cockroaches
  6 hobgoblins
  3 jackals (D:4)
  3 quokkas (D:4)
  A ball python (D:6)
  6 bats
  4 frilled lizards
  6 goblins
  26 kobolds
  A leopard gecko zombie (D:6)
  A quokka skeleton (D:7)
  A quokka zombie (D:5)
  9 rats
  14 plants (D:6)
164 creatures vanquished.

Vanquished Creatures (others)
  A human (D:5)
  A plant (D:6)
  2 withered plants (D:4)
4 creatures vanquished.

Grand Total: 168 creatures vanquished

Notes
Turn   | Place    | Note
-------+----------+-------------------------------------------
     0 | D:1      | HoaS the Gargoyle Gladiator began the quest for the Orb.
     0 | D:1      | Reached XP level 1. HP: 12/12 MP: 1/1
   404 | D:1      | Reached XP level 2. HP: 18/18 MP: 2/2
   568 | D:2      | You fall into a shaft and drop 2 floors!
   670 | D:3      | Reached XP level 3. HP: 14/22 MP: 3/3
   831 | D:2      | Noticed Natasha
   839 | D:2      | Killed Natasha
   839 | D:2      | Reached skill level 4 in Unarmed Combat
   839 | D:2      | Reached XP level 4. HP: 14/28 MP: 4/4
   862 | D:2      | Found a shimmering blue altar of Sif Muna.
  1030 | D:2      | Noticed Natasha
  1041 | D:2      | Killed Natasha
  1164 | D:2      | You fall into a shaft and drop 1 floor!
  1168 | D:3      | Found a sacrificial altar of Ru.
  1583 | D:2      | Noticed Natasha
  1593 | D:2      | Killed Natasha
  1593 | D:2      | Reached skill level 5 in Unarmed Combat
  1593 | D:2      | Reached XP level 5. HP: 27/33 MP: 5/5
  1791 | D:3      | Upgraded the game from 0.25.0-1-g7eea58d2a3 to
                  | 0.25.0-3-gd7cc5688da
  1927 | D:3      | Found an opulent altar of Gozag.
  2031 | D:3      | Found a shimmering blue altar of Sif Muna.
  2355 | D:4      | Found a runed translucent door.
  2355 | D:4      | Noticed skk's ghost (novice FoFi)
  2367 | D:4      | Found Kaegyon's General Store.
  2588 | D:4      | Reached XP level 6. HP: 33/38 MP: 6/6
  2821 | D:4      | Reached skill level 6 in Unarmed Combat
  3036 | D:5      | Entered Level 5 of the Dungeon
  3109 | D:5      | Reached XP level 7. HP: 39/44 MP: 7/7
  3152 | D:5      | Reached skill level 5 in Fighting
  3327 | D:5      | Reached skill level 7 in Unarmed Combat
  3756 | D:5      | Found an ancient bone altar of Kikubaaqudgha.
  3757 | D:5      | Noticed a human
  3761 | D:5      | Killed a human
  3950 | D:6      | Found a glowing drain.
  4001 | Sewer    | Entered a sewer
  4075 | Sewer    | Reached XP level 8. HP: 50/51 MP: 8/8
  4103 | Sewer    | Reached skill level 8 in Unarmed Combat
  4414 | D:6      | Found a radiant altar of Vehumet.
  4414 | D:6      | Found a burning altar of Makhleb.
  4422 | D:6      | Became a worshipper of Makhleb the Destroyer
  4810 | D:6      | Reached skill level 9 in Unarmed Combat
  4816 | D:6      | Reached * piety under Makhleb
  5743 | D:7      | Found a staircase to the Ecumenical Temple.
  5792 | D:7      | Reached XP level 9. HP: 57/57 MP: 9/9
  5981 | D:7      | Reached skill level 10 in Unarmed Combat
  6259 | D:7      | Slain by an orc warrior

Illustrated notes

Levels and vault maps discovered:
D:1:      psy_arrival_conway, layout_loops_ring
D:2:      layout_basic, lemuel_crystal_altar, serial_corexii_hall,
          corexii_hall_statues_deadend, corexii_hall_statues_x,
          corexii_hall_statues_t, chequers_hall_statues_wall_a, uniq_natasha
D:3:      layout_loops_cross, grunt_gozag_statues,
          nicolae_ru_sacrificial_ziggurat, led_sif_pool
D:4:      layout_loops_ring, serial_shops, nicolae_shop_waterfront,
          gammafunk_ghost_grave
D:5:      lemuel_ice_spiral_2, layout_rooms, first_ration, tgw_kikubaaqudgha
D:6:      kennysheep_kobold_camp, layout_basic,
          grunt_temple_overflow_lords_of_destruction, portal_sewer_entry_c,
          minmay_misc_feat_square
D:7:      layout_basic, minmay_temple_entry_large_hall, uniq_crazy_yiuf_cottage

Skill      XL: |  1  2  3  4  5  6  7  8  9 |
---------------+----------------------------+-----
Fighting       | 3 4 5 7 |  7.8
Unarmed Combat | 4 5 6 7 9 10 | 10.2
Throwing       | |  1.7
Dodging        | |  2.4

Action                   |  1- 3 |  4- 6 |  7- 9 || total
-------------------------+-------+-------+-------++-------
Melee: Unarmed           |    88 |   235 |   616 ||   939
       Punch             |     2 |     6 |    27 ||    35
  Use: Scroll            |     4 |     4 |     6 ||    14
  Eat: Chunk             |       |     7 |    11 ||    18
       Ration            |       |       |     1 ||     1
Armor: Leather armour    |     8 |       |       ||     8
       Ring mail         |    24 |       |       ||    24
       Scale mail        |    10 |   100 |   127 ||   237
       Chain mail        |       |       |    62 ||    62
Dodge: Dodged            |    66 |    98 |   160 ||   324
